 Dungeon Crawl Stone Soup version 0.25-a0-42-g6c54e25 (webtiles) character file.

Game seed: 2290006316398417223, levelgen mode: deterministic

367 Illumine the Cudgeler (level 6, 0/70 HPs)
             Began as a Demonspawn Berserker on Oct 23, 2019.
             Was a Believer of Trog.
             Killed by divine providence
             ... invoked by an orc priest
              (15 damage)
             ... on level 7 of the Dungeon.
             The game lasted 00:03:13 (2829 turns).

Illumine the Cudgeler (Demonspawn Berserker)        Turns: 2829, Time: 00:03:14

Health: 0/70       AC:  7    Str: 24    XL:     6   Next: 41%
Magic:  6/6        EV: 11    Int:  9    God:    Trog [**....]
Gold:   95         SH:  0    Dex: 12    Spells: 5/5 levels left

rFire    . . .     SeeInvis .   a - +0 mace
rCold    . . .     Gourm    .   (no shield)
rNeg     . . .     Faith    .   h - +0 scale mail
rPois    .         Spirit   .   (no helmet)
rElec    .         Reflect  .   (no cloak)
rCorr    .         Harm     .   (no gloves)
MR       .....                  (no boots)
Stlth    ..........             (no amulet)
HPRegen  0.21/turn              p - ring of stealth
MPRegen  0.10/turn              (no ring)

@: berserking (expiring), very quick
A: talons 1, nightstalker 1, spiny 2
a: Berserk, Trog's Hand, Renounce Religion


You were on level 7 of the Dungeon.
You worshipped Trog.
Trog was pleased with you.
You were not hungry.

You visited 1 branch of the dungeon, and saw 5 of its levels.

You collected 95 gold pieces.

Inventory:

Hand Weapons
 a - a +0 mace (weapon)
Armour
 b - a +0 animal skin
 h - a +0 scale mail (worn)
Jewellery
 l - an uncursed ring of ice
 p - a ring of stealth (left hand)
Wands
 q - a wand of digging (4)
Scrolls
 f - a scroll of fog {unknown}
 j - a scroll of fear {unknown}
 m - 2 scrolls of teleportation
 n - a scroll of enchant armour {unknown}
 o - a scroll of magic mapping {unknown}
 r - a scroll of identify
Potions
 e - 2 potions of ambrosia {unknown}
 g - a potion of flight
 i - a potion of might
 k - 2 potions of heal wounds
Comestibles
 c - a ration
 d - 2 chunks of flesh


   Skills:
 - Level 3.0 Fighting
 * Level 5.6 Maces & Flails
 + Level 3.7 Armour
 - Level 2.0 Dodging


You had 5 spell levels left.
You didn't know any spells.
Your spell library was empty.

Dungeon Overview and Level Annotations

Branches:
Dungeon (7/15)
 Temple: D:4-7

Altars:
Hepliaklqana
Qazlal

Annotations:
D:6 Dowan, Duvessa


Innate Abilities, Weirdness & Mutations

You have sharp toenails.
You are slightly more attuned to the shadows.
You are mostly covered in sharp spines.


Message History

You sock the orc warrior!
You kill the orc warrior!
Trog accepts your kill.
You have reached level 6!
Your experience leads to an increase in your attributes!
Your base attributes are Str 18, Int 9, Dex 12.
Increase (S)trength, (I)ntelligence, or (D)exterity?
You feel stronger.
You feel monstrous as your demonic heritage exerts itself.
Your demonic ancestry asserts itself...
Your toenails lengthen and sharpen.
You closely miss the crimson imp. Your kick misses the crimson imp.
The crimson imp is almost dead.
An orc priest comes into view. It is wielding a +0 hand axe.
The crimson imp is struck by your spines.
You kill the crimson imp!
Trog accepts your kill.
The orc priest invokes the aid of Beogh against you.
Beogh smites you!
You die...

.. #.#..+....
...##.#.##
._......#
....#..## #.
#..# ##.###..#
..
........###o$.
#....))......
#.....@o#####
#########


You could see an orc priest and an orc wizard.

Vanquished Creatures
  An orc warrior (D:7)
  A bullfrog (D:7)
  A crimson imp (D:7)
  An orc priest (D:7)
  Jessica (D:2)
  An orc wizard (D:7)
  A worker ant (D:7)
  A worker ant zombie (D:7)
  2 adders (D:2)
  A worm (D:2)
  2 dart slugs (D:1)
  2 leopard geckos
  An orc (D:7)
  2 ball pythons (D:1)
  3 bats
  5 giant cockroaches (D:2)
  A goblin (D:2)
  5 hobgoblins
  3 jackals (D:1)
  6 kobolds
  3 frilled lizards (D:2)
  2 rats
46 creatures vanquished.

Notes
Turn   | Place    | Note
-------+----------+-------------------------------------------
     0 | D:1      | Illumine the Demonspawn Berserker began the quest for the
                  | Orb.
     0 | D:1      | Reached XP level 1. HP: 18/18 MP: 1/1
   113 | D:1      | Reached skill level 3 in Maces & Flails
   241 | D:1      | Gained mutation: You are partially covered in sharp spines.
                  | [demonic ancestry]
   241 | D:1      | Reached XP level 2. HP: 20/24 MP: 2/2
  1099 | D:2      | Gained mutation: You are slightly more attuned to the
                  | shadows. [demonic ancestry]
  1099 | D:2      | Reached XP level 3. HP: 24/29 MP: 3/3
  1512 | D:2      | Found a stormy altar of Qazlal.
  2227 | D:2      | Noticed Jessica
  2233 | D:2      | Killed Jessica
  2233 | D:2      | Reached skill level 4 in Maces & Flails
  2233 | D:2      | Gained mutation: You are mostly covered in sharp spines.
                  | [demonic ancestry]
  2233 | D:2      | Reached XP level 4. HP: 11/35 MP: 4/4
  2515 | D:3      | You fall into a shaft and drop 3 floors!
  2538 | D:6      | Noticed Duvessa
  2538 | D:6      | Noticed Dowan
  2595 | D:7      | Reached XP level 5. HP: 31/41 MP: 5/5
  2702 | D:7      | Reached ** piety under Trog
  2784 | D:7      | Reached skill level 5 in Maces & Flails
  2784 | D:7      | Noticed an orc warrior
  2802 | D:7      | Found a hazy altar of Hepliaklqana.
  2827 | D:7      | Killed an orc warrior
  2827 | D:7      | Gained mutation: You have sharp toenails. [demonic
                  | ancestry]
  2827 | D:7      | Reached XP level 6. HP: 15/47 MP: 6/6
  2829 | D:7      | Killed from afar by an orc priest

Levels and vault maps discovered:
D:1:      saegor_arrival_simple_a, layout_loops_cross,
          chequers_serial_rivers_marsh, minmay_strange_pillars
D:2:      layout_basic, overflow_temple_1_default, minmay_pentomino_s4,
          uniq_jessica
D:3:      layout_basic, nicolae_overflow_hidden_temple, kennysheep_small_spiral,
          trog_hazing_becter
D:6:      layout_basic, uniq_duvessa, uniq_edmund, uniq_eustachio
D:7:      layout_basic, nicolae_overflow_crystal_walls, grunt_ogre_cave,
          fedhas_bush_and_centaur_altar

Skill      XL: |  1  2  3  4  5 |
---------------+----------------+-----
Maces & Flails | 3 4 5 |  5.6
Dodging        | 2 |  2.0
Armour         | 2 3 |  3.7
Fighting       | |  3.0

Action                   |  1- 3 |  4- 6 || total
-------------------------+-------+-------++-------
Melee: Mace              |    99 |    32 ||   131
Invok: Berserk           |       |     1 ||     1
  Use: Potion            |     1 |       ||     1
       Scroll            |       |     4 ||     4
 Stab: Sleeping          |     1 |       ||     1
  Eat: Chunk             |     2 |     1 ||     3
       Ration            |     1 |       ||     1
Armor: Animal skin       |     5 |       ||     5
       Scale mail        |    20 |    15 ||    35
Dodge: Dodged            |    54 |    16 ||    70

Table legend:
 A = Non-vault XP
 B = Vault XP
 C = Vault XP percentage of total XP
 D = Non-vault monster count
 E = Vault monster count
 F = Vault count percentage of total count
                 A         B        C        D         E       F
            +---------+---------+-------+---------+---------+-------
      Total |     482 |      43 |   8.2 |      42 |       4 |   8.7
            +---------+---------+-------+---------+---------+-------
        D:1 |      32 |       0 |   0.0 |      16 |       0 |   0.0
        D:2 |      55 |      43 |  43.9 |      17 |       4 |  19.0
        D:7 |     395 |       0 |   0.0 |       9 |       0 |   0.0
            +---------+---------+-------+---------+---------+-------
